 Dungeon Crawl Stone Soup version 0.29.1-2-gbd0b4ee654 (webtiles) character file.

Game seed: 13134290258724795389

37 fleeber the Conjurer (level 3, -9/19 HPs)
             Began as a Deep Elf Conjurer on Nov 10, 2022.
             Shot with an arrow by a centaur (12 damage)
             ... on level 3 of the Dungeon.
             The game lasted 00:03:18 (1575 turns).

fleeber the Conjurer (Deep Elf Conjurer)            Turns: 1575, Time: 00:03:19

Health: -9/19      AC:  2    Str:  4    XL:     3   Next: 23%
Magic:  10/10      EV: 12    Int: 24    God:
Gold:   94         SH:  0    Dex: 13    Spells: 7/10 levels left

rFire   . . .      SeeInvis .   e - +0 short sword
rCold   . . .      Faith    .   (no shield)
rNeg    . . .      Spirit   .   a - +0 robe
rPois   .          Reflect  .   (no helmet)
rElec   .          Harm     .   (no cloak)
rCorr   .          Rampage  .   (no gloves)
Will    .....                   (no boots)
Stlth   ++........              (no amulet)
HPRegen 0.06/turn               (no ring)
MPRegen 0.12/turn               (no ring)

@: no status effects
A: no striking features
a: no special abilities


You were on level 3 of the Dungeon.
You visited 1 branch of the dungeon, and saw 3 of its levels.

You collected 94 gold pieces.

Inventory:

Hand Weapons
 e - a +0 short sword (weapon)
Armour
 a - a +0 robe (worn)
Wands
 k - a wand of digging (7)
Scrolls
 c - 2 scrolls of fog {unknown}
 g - a scroll of immolation {unknown}
 h - 3 scrolls of teleportation {unknown}
Potions
 b - 2 potions of magic
 d - a potion of heal wounds {unknown}
 f - 2 potions of brilliance {unknown}
 i - 2 potions of curing {unknown}
 j - a potion of haste {unknown}


   Skills:
 - Level 2.4 Dodging
 - Level 2.4 Stealth
 + Level 4.2 Spellcasting
 + Level 5.0 Conjurations


You had 7 spell levels left.
You knew the following spells:

 Your Spells              Type           Power      Damage    Failure   Level
a - Magic Dart            Conj           100%       1d8       1%          1
b - Searing Ray           Conj           58%        2d6       1%          2

Your spell library contained the following spells:

 Spells                   Type           Power      Damage    Failure   Level
 Apportation              Tloc           10%        N/A       10%         1
 Necrotise                Necr           20%        1d5       10%         1
 Summon Small Mammal      Summ           20%        N/A       10%         1
 Dazzling Flash           Conj/Hex       34%        N/A       10%         3
 Fulminant Prism          Conj/Hex       8%         3d7       32%         4
 Iskenderun's Mystic Bla  Conj/Tloc      17%        2d5       32%         4


Dungeon Overview and Level Annotations

Branches:
Dungeon (3/15)

Altars:


Message History

You start resting.
Magic restored.
There is an open door here.
i - 2 brown potions (gained 1)
There is an open door here.
There is a stone staircase leading down here.
Things that are here:
a +0 club; 4 stones
Found a stone staircase leading up.
There is a stone staircase leading up here.
Done exploring.
Done exploring.
There is a stone staircase leading down here.
You climb downwards.
Found 6 gold pieces.
There is a stone staircase leading up here.
You now have 94 gold pieces (gained 6).
Found a stone staircase leading down.
A kobold comes into view. It is wielding a +0 whip.
Casting: Magic Dart (safe; 1% risk of failure)
Confirm with . or Enter, or press ? or * to list all spells.
Aiming: Magic Dart (safe; 1% risk of failure)
Press: ? - help, Shift-Dir - straight line, f - kobold
Aim: a kobold, wielding a +0 whip and quivering stones (wandering, hasn't noticed you, 100% to hit)
The magic dart hits the kobold.
You kill the kobold!
You start resting.
Magic restored.
k - a wand of digging (7)
A centaur comes into view.
The centaur wields a +0 shortbow.
The centaur shoots an arrow.
The arrow hits you.
The centaur shoots an arrow.
The arrow hits you!
Ouch! That really hurt!
* * * LOW HITPOINT WARNING * * *
The centaur shoots an arrow.
The arrow closely misses you.
The centaur shoots an arrow.
The arrow barely misses you.
The centaur shoots an arrow.
The arrow hits you!
Ouch! That really hurt!
You die...

############
#..........#
#..........#
#....<.....#
#..........#
#..........#
.#####..#####
...##...#
#.#..#@##
#...##..#
#....##.#
....#.##.#######
..# #....)......
.> ##..........
#..........
#..c.......
#.........$


You could see a centaur.

Vanquished Creatures
  An adder (D:2)
  A worm (D:2)
  2 endoplasms
  A goblin (D:2)
  A hobgoblin (D:2)
  5 kobolds
  2 quokkas
  2 ball pythons
  4 bats (D:2)
  A frilled lizard (D:2)
  4 rats
24 creatures vanquished.

Notes
Turn   | Place    | Note
-------+----------+-------------------------------------------
     0 | D:1      | fleeber the Deep Elf Conjurer began the quest for the Orb.
     0 | D:1      | Reached XP level 1. HP: 10/10 MP: 6/6
    68 | D:1      | Found a faded altar of an unknown god.
   572 | D:2      | Reached XP level 2. HP: 15/15 MP: 5/8
   575 | D:2      | Learned a level 2 spell: Searing Ray
   848 | D:2      | Reached XP level 3. HP: 19/19 MP: 4/10
   893 | D:2      | Reached skill level 5 in Conjurations
  1567 | D:3      | Noticed a centaur
  1575 | D:3      | Shot with an arrow by a centaur

Illustrated notes

Levels and vault maps discovered:
D:1:      scummos_arrival_hexagon, layout_rooms, basic_ecumenical_altar
D:2:      layout_basic
D:3:      layout_rooms, trog_book, mainiacjoe_overflow_surrounded_room

Skill      XL: |  1  2  3 |
---------------+----------+-----
Spellcasting   | 4 |  4.2
Conjurations   | 5 |  5.0
Dodging        | |  2.4
Stealth        | |  2.4

Action                   || total
-------------------------++-------
 Cast: Magic Dart        ||    45
Dodge: Dodged            ||     4
